 Dungeon Crawl Stone Soup version 0.23.0-3-gf3c87f2 (webtiles) character file.

Game seed: 2632810967415153691

434 Borgoz the Sneak (level 7, -1/42 HPs)
             Began as a Kobold Enchanter on Feb 24, 2019.
             Was an Initiate of Dithmenos.
             Slain by a centaur (3 damage)
             ... on level 5 of the Dungeon.
             The game lasted 00:08:17 (3471 turns).

Borgoz the Sneak (Kobold Enchanter)                 Turns: 3471, Time: 00:08:18

Health: -1/42      AC:  4    Str:  7    XL:     7   Next: 20%
Magic:  3/11       EV: 16    Int: 16    God:    Dithmenos [......]
Gold:   234        SH:  3    Dex: 16    Spells: 9/12 levels left

rFire    . . .     SeeInvis .   o - +2 rapier (freeze)
rCold    . . .     Gourm    .   (shield restricted)
rNeg     . . .     Faith    .   v - +1 leather armour {MR+}
rPois    .         Spirit   .   (no helmet)
rElec    .         Reflect  +   (no cloak)
rCorr    .         Harm     .   (no gloves)
MR       +....                  (no boots)
Stlth    +++.......             f - +3 amulet of reflection
HPRegen  0.14/turn              a - +1 ring of slaying
MPRegen  0.12/turn              (no ring)

@: very slightly contaminated, invisible
A: small, carnivore
a: Renounce Religion


You were on level 5 of the Dungeon.
You worshipped Dithmenos.
Dithmenos was noncommittal.
You were very full.

You visited 2 branches of the dungeon, and saw 6 of its levels.

You collected 234 gold pieces.

Inventory:

Hand Weapons
 m - a +0 dagger of venom
 o - a +2 rapier of freezing (weapon)
Missiles
 k - 6 needles of sleeping
 x - 14 curare-tipped needles
Armour
 v - a +1 leather armour of magic resistance (worn)
Jewellery
 a - a +1 ring of slaying (left hand)
 f - a +3 amulet of reflection (around neck)
Scrolls
 c - 2 scrolls of teleportation
 e - 4 scrolls of identify {unknown}
 g - 2 scrolls of enchant weapon {unknown}
 i - 3 scrolls of remove curse
 l - a scroll of amnesia {unknown}
 r - a scroll of immolation {unknown}
 u - a scroll of fog {unknown}
Potions
 n - a potion of lignification {unknown}
 p - a potion of heal wounds {unknown}
 s - a potion of mutation {unknown}
 t - 2 potions of curing
 z - a potion of cancellation {unknown}
Comestibles
 d - 7 rations


   Skills:
 * Level 3.9 Fighting
 + Level 3.6 Short Blades
 + Level 3.8 Dodging
 + Level 5.3 Stealth
 + Level 3.3 Spellcasting
 + Level 4.0 Hexes


You had 9 spell levels left.
You knew the following spells:

 Your Spells              Type           Power        Failure   Level  Hunger
a - Corona                Hex            ###....      5%          1    None
b - Ensorcelled Hibernat  Hex/Ice        #.....       19%         2    ##.....

Your spell library contained the following spells:

 Spells                   Type           Power        Failure   Level  Hunger
 Confuse                  Hex            ###.....     16%         3    ###....
 Tukima's Dance           Hex            ###.....     16%         3    ###....
 Dazzling Spray           Conj/Hex       #.....       34%         3    ###....


Dungeon Overview and Level Annotations

Branches:
Dungeon (5/15)             Temple (1/1) D:4

Altars:
Ashenzari
Cheibriados
Dithmenos
Elyvilon
Fedhas
Gozag
Hepliaklqana
Kikubaaqudgha
Makhleb
Nemelex Xobeh
Okawaru
Qazlal
Ru
Trog
Uskayaw
Vehumet
Wu Jian
Xom
Yredelemnul
Zin
The Shining One


Innate Abilities, Weirdness & Mutations

You are small and have problems with some larger weapons.
You are carnivorous and can eat meat at any time.


Message History

Press: ? - help, Shift-Dir - straight line, f/p - centaur
Aim: a centaur (moderately wounded, chance to defeat MR: 51%)
The centaur is outlined in light.
The centaur hits you.
The centaur hits you but does no damage.
The giant cockroach zombie bites you.
Casting: Corona (safe; 5% risk of failure)
Confirm with . or Enter, or press ? or * to list all spells.
Aiming: Ensorcelled Hibernation (safe; 19% risk of failure)
Press: ? - help, Shift-Dir - straight line, f/p - centaur
Aim: a centaur (moderately wounded, softly glowing, chance to defeat MR: 40%)
The centaur resists with some effort.
The centaur misses you. The centaur hits you.
* * * LOW HITPOINT WARNING * * *
The giant cockroach zombie barely misses you.
You block the centaur's attack. The centaur hits you!
* * * LOW HITPOINT WARNING * * *
It was a potion of invisibility.
You fade into invisibility!
The centaur barely misses you. The centaur hits you.
You die...

.. #...........
...#...........
..#...........
.'...........
######..(......$#
................#
.......ccZ......#
........@(......#
................#
.......(........#
......(.........#
#+######....(....#
#......#.........#
#......#.........#
#......#..........
#......'........


You could see 2 centaurs and a giant cockroach zombie.

Vanquished Creatures
  A sky beast (D:5)
  A hound (D:4)
  2 orc wizards (D:4)
  3 worker ants (D:4)
  9 adders
  2 oozes
  4 worms
  4 dart slugs
  5 orcs
  4 giant cockroaches
  7 hobgoblins
  7 jackals
  2 quokkas
  3 ball pythons (D:1)
  11 bats
  7 frilled lizards
  6 goblins
  9 kobolds
  A leopard gecko skeleton (D:4)
  6 rats
94 creatures vanquished.

Notes
Turn   | Place    | Note
-------+----------+-------------------------------------------
     0 | D:1      | Borgoz the Kobold Enchanter began the quest for the Orb.
     0 | D:1      | Reached XP level 1. HP: 10/10 MP: 3/3
   271 | D:1      | Reached XP level 2. HP: 15/16 MP: 5/5
   310 | D:1      | Learned a level 2 spell: Ensorcelled Hibernation
   615 | D:1      | Reached skill level 1 in Fighting
   953 | D:1      | Reached XP level 3. HP: 20/20 MP: 2/6
  1506 | D:2      | Reached XP level 4. HP: 25/26 MP: 7/7
  2075 | D:3      | Reached XP level 5. HP: 31/31 MP: 7/9
  2494 | D:4      | Reached XP level 6. HP: 15/37 MP: 10/10
  2701 | D:4      | Reached skill level 5 in Stealth
  3065 | D:4      | Found a staircase to the Ecumenical Temple.
  3088 | Temple   | Entered the Ecumenical Temple
  3337 | Temple   | Became a worshipper of Dithmenos the Shadowed
  3414 | D:5      | Entered Level 5 of the Dungeon
  3415 | D:5      | Noticed a sky beast
  3420 | D:5      | Killed a sky beast
  3420 | D:5      | Reached XP level 7. HP: 42/42 MP: 8/11
  3470 | D:5      | HP: 2/42 [centaur (7)]
  3471 | D:5      | Slain by a centaur

Skill      XL: |  1  2  3  4  5  6 |
---------------+-------------------+-----
Fighting       | 1 2 3 |  3.9
Short Blades   | 2 3 |  3.6
Dodging        | 3 |  3.8
Spellcasting   | 3 |  3.3
Stealth        | 5 |  5.3
Hexes          | 4 |  4.0

Action                   |  1- 3 |  4- 6 |  7- 9 || total
-------------------------+-------+-------+-------++-------
Melee: Dagger            |    97 |       |       ||    97
       Rapier            |     1 |   128 |     5 ||   134
 Cast: Ensorcelled Hiber |    12 |     8 |     3 ||    23
       Corona            |     1 |       |     1 ||     2
  Use: Scroll            |     1 |     3 |       ||     4
       Potion            |       |       |     2 ||     2
 Stab: Sleeping          |    20 |    14 |       ||    34
  Eat: Chunk             |    11 |     6 |       ||    17
Armor: Robe              |    12 |     5 |       ||    17
       Leather armour    |       |    15 |     5 ||    20
Dodge: Dodged            |    77 |    76 |    17 ||   170
Block: Other             |     7 |    20 |     7 ||    34
       Reflection        |       |     1 |     1 ||     2
